Map: [ESL] Oceanborn

Players

DnS

  • Race: Protoss Protoss
  • Spawn Location: 5:00

Wayne - Winner!

  • Race: Zerg Zerg
  • Spawn Location: 11:00

Event: ESL SC2 Masters 2024 Spring (Regional)

VOD

Have the link to the VOD?

Description

Time

  • Played on: April 21, 2024, 9:25 a.m.
  • Length: 16:18

All games in this series

Show
View Real Time Build Order
Export as new Build Order

DnS Protoss 

Build Orders: 1 Gate Expand, Oracle Opening, Archon Immortal, Archon Drop 

Get SALT Encoding   

  12  0:00  Probe  
  13  0:12  Probe  
  14  0:19  Pylon  
  14  0:24  Probe  
  15  0:37  Probe (Chrono Boost)  
  15  0:40  Gateway  
  16  0:46  Probe (Chrono Boost)  
  16  0:49  Assimilator  
  17  0:51  Probe (Chrono Boost)  
  18  1:03  Probe  
  19  1:15  Probe  
  20  1:26  Nexus  
  20  1:35  Cybernetics Core  
  20  1:39  Probe  
  21  1:45  Assimilator  
  21  1:51  Probe  
  22  1:56  Pylon  
  22  2:03  Probe (Chrono Boost)  
  22  2:05  Adept  
  26  2:16  Probe (Chrono Boost)  
  26  2:18  Stargate  
  26  2:23  Probe (Chrono Boost)  
  26  2:25  Warp Gate  
  27  2:30  Probe  
  27  2:33  Adept (Chrono Boost)  
  30  2:38  Probe  
  31  2:44  Probe  
  31  2:50  Probe  
  33  2:55  Adept  
  33  2:56  Probe  
  36  3:02  Probe  
  36  3:03  Oracle (Chrono Boost)  
  37  3:08  Probe  
  41  3:15  Pylon, Probe  
  42  3:21  Probe  
  44  3:27  Probe  
  44  3:31  Gateway  
  44  3:32  Oracle (Chrono Boost)  
  44  3:33  Probe  
  48  3:39  Probe  
  49  3:45  Probe  
  50  4:03  Probe x2  
  50  4:05  Nexus  
  50  4:07  Pylon  
  48  4:10  Assimilator  
  48  4:12  Assimilator  
  48  4:15  Probe x2  
  50  4:18  Twilight Council  
  50  4:19  Forge  
  50  4:27  Stalker  
  50  4:28  Probe  
  50  4:29  Probe  
  54  4:40  Gateway x2  
  54  4:41  Protoss Ground Weapons Level 1 (Chrono Boost), Probe  
  54  4:42  Pylon  
  55  4:47  Probe  
  55  4:50  Robotics Facility  
  56  4:54  Charge (Chrono Boost)  
  56  4:57  Probe  
  56  4:59  Probe  
  58  5:07  Templar Archives  
  58  5:09  Probe  
  58  5:11  Probe  
  60  5:16  Gateway  
  60  5:17  Probe, Gateway  
  62  5:21  Probe  
  62  5:25  Zealot x2  
  67  5:28  Probe  
  67  5:29  Probe  
  67  5:33  Probe  
  67  5:35  Pylon  
  69  5:36  Warp Prism (Chrono Boost)  
  71  5:45  Probe x2  
  71  5:48  High Templar x2  
  71  5:49  Probe  
  78  5:51  Pylon  
  78  5:52  Archon  
  78  5:57  Probe  
  78  5:59  High Templar x2  
  78  6:00  Probe  
  78  6:03  Pylon, Archon  
  84  6:08  Observer  
  84  6:11  Probe x2  
  86  6:17  Zealot x2  
  91  6:21  Probe  
  91  6:23  Probe x2  
  91  6:24  Zealot x2  
  96  6:29  Pylon  
  96  6:32  Pylon  
  95  6:33  Probe  
  95  6:34  Shield Battery  
  95  6:35  Zealot x2, Probe x2  
  95  6:37  Zealot x2  
  95  6:38  Protoss Ground Weapons Level 2 (Chrono Boost)  
  106  6:42  Immortal (Chrono Boost)  
  106  6:45  Probe  
  109  6:47  Probe  
  109  6:50  Probe  
  103  6:57  Probe  
  103  6:59  Probe  
  95  7:02  High Templar x2  
  95  7:04  Assimilator  
  95  7:05  Assimilator  
  95  7:07  Archon  
  99  7:09  Photon Cannon  
  99  7:15  Zealot x4  
  107  7:17  Immortal (Chrono Boost)  
  111  7:28  Shield Battery  
  111  7:30  Shield Battery  
  111  7:35  Nexus  
  111  7:37  Pylon, Blink  
  111  7:38  Gateway  
  111  7:39  Gateway  
  111  7:47  Immortal (Chrono Boost)  
  115  7:53  Zealot x3, High Templar x2  
  115  7:55  Pylon  
  115  7:57  Archon  
  125  8:08  Zealot  
  125  8:11  Pylon  
  127  8:13  Pylon  
  127  8:14  Immortal (Chrono Boost)  
  127  8:19  High Templar  
  133  8:20  High Templar  
  133  8:25  Archon  
  133  8:26  Zealot x3  
  141  8:27  Photon Cannon, Shield Battery  
  140  8:35  Zealot x3  
  140  8:38  Probe  
  121  8:42  Probe x2  
  121  8:46  Shield Battery  
  121  8:47  Photon Cannon  
  121  8:48  Immortal (Chrono Boost)  
  117  8:50  Probe  
  117  8:53  Protoss Ground Weapons Level 3 (Chrono Boost), High Templar  
  117  8:54  Zealot, High Templar  
  117  8:55  Zealot x2  
  132  8:58  Archon  
  132  9:10  Stalker x3  
  132  9:12  Photon Cannon  
  138  9:19  Zealot x3  
  138  9:23  Immortal (Chrono Boost)  
  146  9:29  Gateway  
  146  9:30  Probe  
  147  9:33  Probe x2  
  147  9:34  Gateway  
  147  9:37  Assimilator  
  149  9:39  Assimilator  
  149  9:40  High Templar x2  
  149  9:44  Pylon  
  153  9:45  Archon  
  153  9:46  High Templar  
  153  9:47  Zealot x4, High Templar  
  153  9:51  Archon  
  165  9:56  Observer (Chrono Boost)  
  166  10:01  Pylon  
  166  10:02  Pylon  
  166  10:04  Pylon  
  166  10:11  Zealot x3, Sentry  
  172  10:17  Zealot x2  
  170  10:24  Zealot x3  
  170  10:27  Immortal (Chrono Boost)  
  169  10:34  Zealot x5  
  164  10:43  Probe x2  
  164  10:48  Probe  
  163  10:53  Probe  
  163  10:55  Probe  
  165  10:57  High Templar  
  165  10:58  Zealot x6, High Templar x3  
  165  11:03  Archon x2  
  189  11:11  Psionic Storm  
  189  11:26  Zealot x3  
  189  11:27  Fleet Beacon  
  189  11:29  Immortal (Chrono Boost)  
  189  11:31  Fleet Beacon  
  171  11:39  Pylon  
  168  11:43  Zealot x6  
  178  12:00  Stalker x3  
  183  12:04  Zealot x6  
  183  12:07  Zealot x5  
  187  12:13  Pylon x2  
  179  12:16  Pylon  
  179  12:18  Pylon  
  170  12:23  Observer  
  170  12:28  High Templar x7  
  182  12:32  Probe x2  
  182  12:34  Probe x2  
  186  12:56  Stargate  
  186  12:57  Observer  
  192  13:04  Zealot  
  200  13:06  Mothership (Chrono Boost)  
  200  13:18  Zealot x4  
  200  13:19  Zealot x5  
  176  13:29  Zealot  
  140  13:43  Zealot x6  
  141  13:55  Zealot x4  
  139  14:05  Probe (Chrono Boost)  
  131  14:11  Probe (Chrono Boost)  
  131  14:18  Probe (Chrono Boost)  
  131  14:19  Probe x2 (Chrono Boost)  
  131  14:23  Zealot  
  98  14:53  High Templar x6  
  98  14:54  High Templar x2  
  98  14:57  Archon x4  
  101  15:19  High Templar x2  
  102  15:24  Archon  
  102  15:26  High Templar x4  
  110  15:32  Archon x2  
  110  15:34  Zealot x3  
  110  15:35  Zealot  
  89  16:06  Zealot x6  
Show
View Real Time Build Order
Export as new Build Order

Wayne Zerg - Winner!

Build Orders: Hatch First, Lurkers 

Get SALT Encoding   

  12  0:00  Drone  
  13  0:13  Overlord  
  13  0:16  Drone  
  14  0:32  Drone x2  
  16  0:46  Drone  
  17  0:52  Hatchery  
  17  0:55  Drone  
  17  0:58  Drone  
  18  1:09  Extractor  
  17  1:13  Spawning Pool  
  17  1:16  Drone  
  17  1:21  Drone  
  18  1:28  Drone  
  20  1:40  Drone  
  20  1:50  Overlord  
  20  2:00  Queen  
  22  2:03  Queen  
  22  2:04  Zergling x4  
  26  2:11  Drone  
  26  2:13  Metabolic Boost  
  26  2:15  Drone  
  28  2:23  Drone  
  28  2:25  Drone  
  30  2:36  Drone  
  31  2:39  Queen  
  33  2:46  Hatchery  
  32  2:52  Overlord  
  32  2:53  Zergling x2  
  32  2:56  Drone  
  34  3:00  Drone  
  34  3:02  Drone  
  36  3:09  Queen  
  36  3:10  Zergling x2  
  39  3:13  Drone  
  39  3:14  Drone  
  39  3:16  Drone  
  39  3:18  Overlord  
  42  3:23  Drone  
  42  3:25  Drone  
  44  3:36  Queen  
  44  3:38  Drone x2  
  44  3:40  Drone x2  
  51  3:41  Drone x2  
  51  3:46  Overlord  
  50  3:56  Drone x2  
  50  4:00  Spore Crawler  
  48  4:05  Drone x2  
  48  4:06  Queen  
  48  4:08  Drone x2  
  48  4:09  Drone  
  54  4:12  Drone  
  54  4:16  Spore Crawler  
  54  4:18  Overlord  
  54  4:20  Drone  
  54  4:21  Drone  
  54  4:22  Drone  
  57  4:26  Drone x2  
  57  4:29  Drone x2  
  57  4:31  Drone  
  62  4:32  Drone  
  62  4:35  Drone x2  
  65  4:44  Hatchery  
  64  4:49  Lair  
  64  4:50  Overlord  
  64  4:51  Drone  
  65  4:58  Roach Warren  
  65  4:59  Drone  
  65  5:04  Overlord  
  65  5:05  Evolution Chamber  
  64  5:07  Overlord  
  64  5:08  Drone x4  
  64  5:09  Spore Crawler  
  64  5:10  Drone  
  64  5:13  Drone  
  69  5:15  Drone x2  
  69  5:20  Drone x2  
  69  5:21  Drone, Extractor  
  72  5:22  Drone, Extractor  
  72  5:26  Overlord  
  72  5:27  Drone x4  
  77  5:30  Extractor  
  77  5:32  Zerg Missile Weapons Level 1  
  77  5:34  Extractor x2  
  77  5:35  Drone x3  
  77  5:37  Drone  
  77  5:40  Drone  
  78  5:43  Drone  
  78  5:47  Drone  
  80  5:50  Glial Reconstitution  
  80  5:51  Drone  
  80  5:54  Overseer  
  80  5:55  Roach  
  80  5:56  Roach  
  85  6:00  Overlord  
  85  6:06  Roach x5  
  85  6:07  Overlord  
  95  6:13  Roach x4  
  95  6:15  Overlord x4  
  103  6:20  Roach x2  
  103  6:25  Roach x2  
  110  6:27  Overlord  
  110  6:28  Roach x2  
  113  6:33  Drone x3  
  113  6:34  Drone  
  113  6:36  Roach x2  
  113  6:37  Ravager  
  122  6:41  Roach x2  
  124  6:47  Overlord  
  124  6:49  Roach x3  
  124  6:52  Roach  
  114  6:57  Drone x3  
  114  6:58  Drone x2  
  114  7:03  Roach x6  
  126  7:10  Roach x4  
  126  7:12  Ravager x2  
  136  7:21  Roach x6  
  148  7:29  Spore Crawler  
  143  7:30  Roach x4  
  143  7:33  Ravager x3  
  143  7:34  Overlord  
  154  7:40  Drone x2, Extractor  
  154  7:41  Drone  
  154  7:44  Roach x4  
  164  7:50  Drone x3  
  164  7:54  Roach x3  
  170  7:59  Roach x3  
  170  8:05  Overlord x2  
  174  8:12  Overlord  
  174  8:13  Ravager  
  174  8:16  Overlord  
  174  8:19  Ravager  
  176  8:20  Zerg Missile Weapons Level 2  
  176  8:24  Zergling x18, Infestation Pit  
  175  8:35  Overlord  
  175  8:41  Roach x10  
  153  8:50  Roach x4  
  153  8:51  Roach x2  
  153  8:54  Drone  
  153  8:55  Drone  
  159  8:57  Drone x2  
  159  9:01  Hydralisk Den  
  159  9:02  Extractor, Hive  
  159  9:05  Queen  
  159  9:07  Roach  
  159  9:08  Roach x2  
  167  9:12  Roach x3  
  173  9:19  Roach x4  
  173  9:20  Roach  
  183  9:27  Drone  
  183  9:28  Drone x2  
  182  9:33  Lurker Den  
  181  9:39  Hydralisk x4  
  181  9:42  Hatchery  
  181  9:43  Drone  
  181  9:44  Drone  
  190  9:47  Hydralisk x2  
  190  9:50  Grooved Spines  
  190  9:52  Overlord  
  194  9:57  Hydralisk x3  
  200  10:03  Overlord  
  200  10:10  Spine Crawler x2  
  200  10:11  Drone x2  
  200  10:12  Spine Crawler  
  197  10:33  Seismic Spines  
  197  10:34  Lurker x6  
  197  10:35  Lurker  
  186  10:38  Overlord  
  186  10:39  Hydralisk x5  
  193  10:47  Drone  
  193  10:48  Drone  
  183  10:50  Lurker x2  
  183  10:52  Drone x6  
  183  10:53  Drone  
  183  10:56  Hydralisk x3  
  194  11:01  Drone  
  194  11:02  Spine Crawler  
  194  11:03  Hydralisk x3  
  194  11:10  Extractor  
  193  11:11  Lurker, Extractor  
  193  11:12  Hydralisk  
  193  11:14  Lurker  
  196  11:19  Hydralisk x2  
  196  11:25  Overseer  
  200  11:30  Adaptive Talons  
  200  11:31  Overlord  
  197  11:33  Overlord  
  195  11:40  Spine Crawler x2  
  195  11:42  Spine Crawler x2  
  195  11:43  Hydralisk x4  
  195  11:56  Hydralisk x2  
  197  12:13  Hydralisk x3  
  199  12:16  Zerg Missile Weapons Level 3  
  199  12:19  Evolution Chamber  
  180  12:25  Hydralisk x5  
  180  12:27  Lurker  
  180  12:28  Lurker x7  
  189  12:32  Hydralisk, Zergling x8  
  189  12:33  Zergling x8  
  189  12:35  Hatchery  
  198  12:41  Muscular Augments  
  198  12:42  Lurker x2  
  199  13:14  Overlord  
  199  13:17  Overseer  
  184  13:20  Pneumatized Carapace  
  184  13:22  Overseer  
  184  13:25  Overlord  
  174  13:32  Hydralisk x13  
  189  13:38  Overseer  
  189  13:39  Roach x11  
  191  13:46  Drone x3  
  191  13:47  Drone x3  
  190  13:57  Overseer, Zerg Ground Armor Level 1  
  188  14:05  Roach x7  
  198  14:13  Drone x2  
  198  14:14  Spire  
  198  14:15  Spire  
  191  14:23  Drone  
  191  14:24  Drone x5  
  195  14:25  Drone x5  
  195  14:27  Overlord  
  191  14:33  Zergling x2  
  191  14:34  Zergling x8  
  191  14:36  Overseer, Lurker x3  
  199  14:42  Overseer x2  
  199  14:45  Hydralisk x3  
  170  14:52  Hydralisk x6  
  170  14:59  Hydralisk x3  
  170  15:03  Viper x2  
  170  15:04  Overseer  
  182  15:13  Hydralisk x5  
  164  15:18  Hydralisk x3  
  157  15:22  Hydralisk x4  
  157  15:26  Hydralisk  
  157  15:27  Hydralisk  
  170  15:29  Lurker x2  
  170  15:31  Overseer  
  172  15:37  Hydralisk, Lurker  
  172  15:38  Hydralisk x2  
  179  15:45  Hydralisk  
  179  15:46  Hydralisk x3  
Tags
 
Add a new tag
Caveats
  • Supply blocks, unpowered buildings, or Contaminate may cause inaccurate times.
  • Supply counts are checked every 10 seconds.